 Dungeon Crawl Stone Soup version 0.30-a0-1074-g5db6f66fbb (webtiles) character file.

Game seed: 3035960749344254832

7777 retardedninja the Cleaver (level 11, -5/103 HPs)
             Began as a Naga Fighter on Apr 13, 2023.
             Was an Initiate of Gozag.
             Slain by a molten gargoyle
             ... wielding a +0 morningstar
              (13 damage)
             ... on level 10 of the Dungeon.
             The game lasted 00:18:21 (12072 turns).

retardedninja the Cleaver (Naga Fighter)           Turns: 12072, Time: 00:18:22

Health: -5/103     AC: 23    Str: 22    XL:     11   Next: 20%
Magic:  11/11      EV:  3    Int:  9    God:    Gozag
Gold:   935        SH: 10    Dex: 11    Spells: 10/10 levels left

rFire   . . .      SeeInvis +    H - +0 broad axe
rCold   . . .      Faith    .    m - +0 kite shield
rNeg    . . .      Spirit   .    j - +0 plate armour
rPois   +          Reflect  .    I - +1 helmet
rElec   .          Rampage  .    B - +0 cloak
rCorr   .                        (no gloves)
Will    +....                    (no barding) Stlth
                                 C - amulet of regeneration
HPRegen 1.17/turn                E - +4 ring of protection
MPRegen 0.12/turn                G - +4 ring of protection

@: very slow
A: AC +3, large, see invisible, deformed body, poison resistance, slowness 2,
spit poison 1, naga tail 1
a: Spit Poison, Renounce Religion, Potion Petition, Call Merchant, Bribe Branch


You were on level 10 of the Dungeon.
You worshipped Gozag.
Gozag was pleased with you.
You visited 3 branches of the dungeon, and saw 12 of its levels.

You collected 2395 gold pieces.
You spent 108 gold pieces at shops.
You paid 1352 gold pieces to Gozag.

Inventory:

Hand Weapons
 H - a +0 broad axe (weapon)
Missiles
 y - 2 throwing nets
Armour
 j - a +0 plate armour (worn)
 m - a +0 kite shield (worn)
 B - a +0 cloak (worn)
 I - a +1 helmet (worn)
Jewellery
 C - an amulet of regeneration (around neck)
 E - a +4 ring of protection (left hand)
 G - a +4 ring of protection (right hand)
Wands
 e - a wand of flame (11)
 u - a wand of polymorph (8)
 v - a wand of paralysis (7)
Scrolls
 a - 2 scrolls of identify
 b - 3 scrolls of magic mapping
 c - 2 scrolls of fog
 d - a scroll of enchant armour {unknown}
 f - a scroll of amnesia
 g - a scroll of fear
 k - 3 scrolls of teleportation
Potions
 h - a potion of magic
 i - 2 potions of brilliance
 l - 2 potions of flight
 p - a potion of attraction
 q - a potion of mutation
 r - a potion of cancellation
 x - 2 potions of curing


   Skills:
 + Level 8.2 Fighting
 * Level 11.0 Axes
 + Level 6.8 Armour
 + Level 2.7 Stealth
 + Level 7.4 Shields


You had 10 spell levels left.
You didn't know any spells.
Your spell library contained the following spells:

 Spells                   Type           Power      Damage    Failure   Level
 Beastly Appendage        Tmut           0%         N/A       100%        1
 Magic Dart               Conj           0%         1d3       100%        1
 Necrotise                Necr           0%         1d4       100%        1
 Sandblast                Erth           0%         2d4       100%        1
 Sting                    Tmut/Pois      0%         1d3       100%        1
 Call Imp                 Summ           0%         N/A       100%        2
 Ensorcelled Hibernation  Hex/Ice        0%         N/A       100%        2
 Lesser Beckoning         Tloc           0%         N/A       100%        2
 Passwall                 Tmut/Erth      0%         N/A       100%        2
 Poisonous Vapours        Pois/Air       0%         N/A       100%        2
 Sublimation of Blood     Necr           0%         N/A       100%        2
 Wereblood                Tmut           0%         N/A       100%        2
 Dazzling Flash           Conj/Hex       0%         N/A       100%        3
 Gell's Gravitas          Tloc           0%         N/A       100%        3
 Mephitic Cloud           Conj/Pois/Air  0%         N/A       100%        3
 Spider Form              Tmut/Pois      0%         N/A       100%        3
 Summon Guardian Golem    Hex/Summ       0%         N/A       100%        3
 Swiftness                Air            0%         N/A       100%        3
 Teleport Other           Tloc           0%         N/A       100%        3
 Volatile Blastmotes      Fire/Tloc      0%         2d10      100%        3
 Fulminant Prism          Conj/Hex       0%         3d5       100%        4
 Iskenderun's Mystic Bla  Conj/Tloc      0%         2d3       100%        4
 Olgreb's Toxic Radiance  Pois           0%         N/A       100%        4
 Summon Lightning Spire   Summ/Air       0%         N/A       100%        4
 Agony                    Necr           0%         N/A       100%        5
 Lee's Rapid Deconstruct  Erth           0%         3d4*      100%        5
 Silence                  Hex/Air        0%         N/A       100%        5
 Orb of Destruction       Conj           0%         9d5       100%        7
 Spellforged Servitor     Conj/Summ      0%         N/A       100%        7
 Storm Form               Tmut/Air       0%         N/A       100%        7
 Summon Hydra             Summ           0%         N/A       100%        7
 Maxwell's Capacitive Co  Air            0%         ∞         100%        8


Dungeon Overview and Level Annotations

Branches:
Dungeon (10/15)            Temple (1/1) D:6            Lair (1/5) D:9
    Orc: D:9-12

Altars:
Ashenzari
Cheibriados
Dithmenos
Elyvilon
Fedhas
Gozag
Hepliaklqana
Kikubaaqudgha
Makhleb
Nemelex Xobeh
Okawaru
Qazlal
Ru
Sif Muna
Trog
Uskayaw
Vehumet
Wu Jian
Xom
Yredelemnul
Zin
The Shining One

Shops:
D:1 [   D:8 (


Innate Abilities, Weirdness & Mutations

Your serpentine skin is tough. (AC +3)
You have supernaturally acute eyesight. (SInv)
Armour fits poorly on your strangely shaped body.
Your system is resistant to poisons. (rPois)
You cover ground very slowly.
You can spit poison.
You have a snake-like lower body.


Message History

The molten gargoyle hits you but does no damage.
The molten gargoyle blasts magma at you!
The bolt of magma hits you but does no damage.
The molten gargoyle blasts magma at you!
The bolt of magma hits you but does no damage.
You block the molten gargoyle's attack.
It was a potion of curing.
You feel better.
The molten gargoyle blasts magma at you!
The bolt of magma hits you!
Okay, then.
You hit the molten gargoyle.
The molten gargoyle is lightly damaged.
The molten gargoyle hits you but does no damage.
You hit the molten gargoyle but do no damage.
The molten gargoyle is lightly damaged.
The molten gargoyle blasts magma at you!
The bolt of magma hits you!!
You slash the molten gargoyle!
The molten gargoyle is moderately damaged.
The molten gargoyle hits you with a +0 morningstar!
* * * LOW HITPOINT WARNING * * *
You are engulfed in flames!
* * * LOW HITPOINT WARNING * * *
You feel better.
The molten gargoyle hits you but does no damage.
You slash the molten gargoyle!
The molten gargoyle is severely damaged.
The molten gargoyle blasts magma at you!
The bolt of magma hits you but does no damage.
You hit the molten gargoyle.
The molten gargoyle is almost destroyed.
The molten gargoyle barely misses you.
You hit the molten gargoyle but do no damage.
The molten gargoyle is almost destroyed.
The molten gargoyle blasts magma at you!
The bolt of magma hits you!!
* * * LOW HITPOINT WARNING * * *
The molten gargoyle hits you with a +0 morningstar!
You die...
Your body crumbles into a pile of gold.

#.# #.# #.# #.# #.#
#.# #.# #.#
######.#####.#######.
#....................
#.......#####.######.
#.....<.# #.#
#.....).# #@#
#.......# #9#
#.......# #9# $
#........ #.#.#
#......<#..§S ...
#........#.≈≈ ≈§≈..
#.......#.≈≈≈ §§≈.#..
#........#.≈≈ 8§§≈.#.
#.#9≈≈≈ 8≈≈§#..


You could see 2 molten gargoyles and a lava snake.

Vanquished Creatures
  Gastronok (D:8)
  A two-headed ogre (D:10)
  A molten gargoyle (D:9)
  A blink frog (D:9)
  A wyvern (D:9)
  A vampire (D:9)
  5 yaks (D:8)
  A steam dragon (D:9)
  Edmund (D:4)
  3 vampire mosquitoes (D:9)
  3 water moccasins
  8 orc warriors
  2 sky beasts (D:6)
  An ice beast (D:6)
  A centaur (D:8)
  2 kobold brigands
  2 bullfrogs (D:8)
  5 scorpions
  12 wights
  3 killer bees (D:8)
  7 howler monkeys
  5 hounds
  A jelly (D:5)
  4 orc priests
  2 sleepcaps
  5 iguanas
  8 orc wizards
  Terence (D:3)
  A mummy (D:3)
  3 gnolls (D:5)
  10 adders
  A shadow imp (D:5)
  A white imp (D:5)
  2 ufetubi
  A worm (D:2)
  8 dart slugs
  51 orcs
  14 bats
  8 endoplasms
  3 giant cockroaches
  14 goblins
  7 hobgoblins
  6 jackals
  14 kobolds
  A quokka (D:2)
  8 ball pythons
  7 frilled lizards
  11 rats
259 creatures vanquished.

Vanquished Creatures (others)
  A butterfly (D:5)
1 creature vanquished.

Grand Total: 260 creatures vanquished

Notes
Turn   | Place    | Note
-------+----------+-------------------------------------------
     0 | D:1      | retardedninja the Naga Fighter began the quest for the Orb.
     0 | D:1      | Reached XP level 1. HP: 21/21 MP: 1/1
   163 | D:1      | Reached XP level 2. HP: 13/28 MP: 2/2
   375 | D:1      | Found a faded altar of an unknown god.
   408 | D:1      | Reached XP level 3. HP: 33/34 MP: 3/3
   484 | D:1      | Found Oneurphen's Antique Armour Shop.
  1260 | D:2      | Reached skill level 3 in Axes
  1314 | D:2      | Reached XP level 4. HP: 31/42 MP: 4/4
  1899 | D:3      | Found a hide-covered altar of Uskayaw.
  2054 | D:3      | Found a snail-covered altar of Cheibriados.
  2062 | D:3      | Reached XP level 5. HP: 8/49 MP: 5/5
  2333 | D:3      | Noticed Terence
  2355 | D:3      | Killed Terence
  2601 | D:3      | Found an opulent altar of Gozag.
  2639 | D:3      | Became a worshipper of Gozag Ym Sagoz the Greedy
  2911 | D:3      | Reached skill level 4 in Axes
  3216 | D:3      | Reached XP level 6. HP: 54/57 MP: 6/6
  3671 | D:4      | Noticed Edmund
  3684 | D:4      | Killed Edmund
  3685 | D:4      | Reached XP level 7. HP: 8/66 MP: 7/7
  4109 | D:4      | Reached skill level 5 in Axes
  4257 | D:1      | Bought a chain mail for 108 gold pieces
  5150 | D:5      | Entered Level 5 of the Dungeon
  5730 | D:5      | Found a white marble altar of Elyvilon.
  6087 | D:5      | Reached XP level 8. HP: 68/73 MP: 8/8
  6529 | D:6      | Reached skill level 5 in Fighting
  6529 | D:6      | Reached skill level 6 in Axes
  6541 | D:6      | Found a staircase to the Ecumenical Temple.
  6574 | Temple   | Entered the Ecumenical Temple
  7035 | D:6      | Found a hazy altar of Hepliaklqana.
  7534 | D:6      | Reached skill level 7 in Axes
  7534 | D:6      | Reached skill level 5 in Shields
  7596 | D:6      | Reached XP level 9. HP: 17/82 MP: 9/9
  7998 | D:7      | Reached skill level 5 in Armour
  8060 | D:7      | Found a flagged portal.
  8060 | D:7      | Identified the +6 hand axe of Havoc {heavy, Str+3 Stlth-}
  8308 | D:7      | Identified the +7 flail of Havoc {heavy, Dex+3}
  8766 | D:7      | Reached skill level 8 in Axes
  8865 | D:7      | Found a sacrificial altar of Ru.
  9414 | D:8      | Noticed Gastronok
  9435 | D:8      | Killed Gastronok
  9436 | D:8      | Reached skill level 9 in Axes
  9436 | D:8      | Reached XP level 10. HP: 60/94 MP: 10/10
  9479 | D:8      | Found Fayceliff's Weapon Shoppe.
  9669 | D:8      | Found an ornate altar of the Wu Jian Council.
  9698 | D:8      | Found a radiant altar of Vehumet.
 10324 | D:8      | Reached skill level 10 in Axes
 10760 | D:9      | Found a staircase to the Lair.
 10838 | D:9      | Got Yffoxekhi's Beginning the Power of Words
 11507 | D:9      | Found a sparkling altar of Nemelex Xobeh.
 11711 | Lair:1   | Entered Level 1 of the Lair of Beasts
 11724 | D:9      | Reached XP level 11. HP: 103/103 MP: 11/11
 11735 | D:10     | Entered Level 10 of the Dungeon
 11738 | D:10     | Noticed a two-headed ogre
 11746 | D:10     | Killed a two-headed ogre
 11759 | D:9      | Reached skill level 11 in Axes
 12072 | D:10     | Slain by a molten gargoyle

Illustrated notes

Levels and vault maps discovered:
D:1:      saegor_arrival_under_anarchy, layout_basic, serial_shops, shop,
          ebering_ecumenical_altar_rust, nicolae_eternal_life,
          serial_park_tiny_pond, interstate_on_off, minmay_split_cup_large
D:2:      layout_loops_ring
D:3:      minmay_razor_zed, layout_loops_cross, grunt_gozag_breadcrumbs,
          slow_altar_1, amcnicky_altar_gilded, minmay_joined_circles,
          uniq_terence
D:4:      layout_loops_corners, uniq_edmund
D:5:      layout_loops_ring, nicolae_elyvilon_peaceful_grove
D:6:      layout_basic, mainiacjoe_overflow_tiny_flanked,
          minmay_temple_entry_proselytizer, hangedman_decor_growths
D:7:      layout_layer_cave, hangedman_ru_absence, serial_rivers,
          chequers_serial_rivers_micro_d, chequers_serial_rivers_room_b,
          chequers_serial_rivers_small_a, chequers_serial_rivers_micro_e,
          chequers_serial_rivers_micro_e, chequers_serial_rivers_micro_b,
          enter_bailey_2, minmay_checkerbox
D:8:      minmay_goldmine, layout_loops_cross,
          mainiacjoe_overflow_large_starburst, serial_shops,
          nicolae_shop_window_shopping, uniq_gastronok
D:9:      layout_cave_pools, nemelex_xobeh_ov_fountains_minmay,
          lair_entry_dummy, special_room [special_room_orc], st_stairs_8
D:10:     layout_small_grid, minivault_8
Temple:   nicolae_temple_ecumenical_triangle
Lair:1:   layout_long_grid, grunt_megastairs_3

Skill      XL: |  1  2  3  4  5  6  7  8  9 10 11 |
---------------+----------------------------------+-----
Shields        | 3 4 5 6 7 |  7.4
Axes           | 3 4 5 7 9 10 11 | 11.0
Armour         | 3 4 5 6 |  6.8
Fighting       | 4 5 7 8 |  8.2
Stealth        | 2 |  2.7

Action                     |  1- 3 |  4- 6 |  7- 9 | 10-12 || total
---------------------------+-------+-------+-------+-------++-------
  Melee: War axe           |   109 |   252 |   246 |       ||   607
         Broad axe         |       |       |   110 |   225 ||   335
 Invoke: Potion Petition   |       |       |     1 |     2 ||     3
  Evoke: Wand              |       |     2 |     5 |     2 ||     9
    Use: Potion            |       |     3 |     4 |     5 ||    12
         Scroll            |       |       |    14 |     9 ||    23
   Stab: Distracted        |       |       |     2 |       ||     2
         Invisible         |       |       |     1 |       ||     1
         Paralysed         |       |       |       |     5 ||     5
 Armour: Scale mail        |    46 |   112 |     6 |       ||   164
         Chain mail        |       |       |   206 |   109 ||   315
         Plate armour      |       |       |       |   106 ||   106
         Skin              |       |       |       |    16 ||    16
  Dodge: Dodged            |    38 |    77 |    85 |    84 ||   284
  Block: Buckler           |    20 |       |       |       ||    20
         Kite shield       |    17 |   118 |   174 |   149 ||   458

Table legend: (Time is in decaauts)
 A = Elapsed time spent in this place.
 B = Non-inter-level travel time spent in this place.
 C = Inter-level travel time spent in this place.
 D = Time resting spent in this place.
 E = Time spent auto-exploring this place.
 F = Levels seen in this place.
 G = Mean time per level.
                   A        B        C        D        E       F      G
               +--------+--------+--------+--------+--------+-----+--------+
         Total |  15059 |  14488 |    571 |   2393 |   9640 |  12 | 1254.9 |
       Dungeon |  14936 |  14377 |    559 |   2393 |   9540 |  10 | 1493.6 |
        Temple |    121 |    109 |     12 |      0 |    100 |   1 |  121.0 |
          Lair |      1 |      1 |      0 |      0 |      0 |   1 |    1.0 |
               +--------+--------+--------+--------+--------+-----+--------+

Top non-repeatable levels by time:
     D:3: 2090 daAuts
     D:8: 1935 daAuts
     D:4: 1836 daAuts
     D:7: 1635 daAuts
     D:6: 1633 daAuts
     D:5: 1616 daAuts
     D:9: 1488 daAuts
     D:1: 1463 daAuts
     D:2: 1184 daAuts
  Temple: 121 daAuts
    D:10: 51 daAuts
  Lair:1: 1 daAuts
